 Dungeon Crawl Stone Soup version 0.27-a0-1137-g3ef0f4ec91 (webtiles) character file.

Game seed: 12751674065452939973

265 kae the Slasher (level 5, -4/43 HPs)
             Began as a Demonspawn Abyssal Knight on May 6, 2021.
             Was a Believer of Lugonu.
             Slain by Duvessa
             ... wielding a +0 short sword
              (6 damage)
             ... on level 4 of the Dungeon.
             The game lasted 00:02:58 (4790 turns).

kae the Slasher (Demonspawn Abyssal Knight)         Turns: 4790, Time: 00:02:59

Health: -4/43      AC:  6    Str: 13    XL:     5   Next: 99%
Magic:  6/6        EV: 11    Int: 14    God:    Lugonu [**....]
Gold:   176        SH:  0    Dex: 12    Spells: 4/4 levels left

rFire    . . .     SeeInvis .   a - +1 falchion
rCold    . . .     Faith    .   (no shield)
rNeg     . . .     Spirit   .   b - +1 leather armour
rPois    .         Reflect  .   (no helmet)
rElec    .         Harm     .   (no cloak)
rCorr    .         Rampage  .   (no gloves)
Will     .....                  (no boots)
Stlth    +.........             (no amulet)
HPRegen  0.14/turn              (no ring)
MPRegen  0.10/turn              (no ring)

@: mighty
A: rugged brown scales 2
a: Renounce Religion, Depart the Abyss, Bend Space


You were on level 4 of the Dungeon.
You worshipped Lugonu.
Lugonu was pleased with you.
You visited 1 branch of the dungeon, and saw 4 of its levels.
You visited the Abyss 1 time.

You collected 176 gold pieces.

Inventory:

Hand Weapons
 a - a +1 falchion (weapon)
Missiles
 e - 7 atropa-tipped darts
Armour
 b - a +1 leather armour (worn)
Wands
 d - a wand of iceblast (9)
Scrolls
 c - 2 scrolls of noise
 f - 2 scrolls of identify
Potions
 g - a potion of might
 h - a potion of curing


   Skills:
 - Level 3.0 Fighting
 + Level 5.8 Long Blades
 - Level 1.7 Armour
 - Level 0.8 Dodging
 - Level 2.4 Invocations


You had 4 spell levels left.
You didn't know any spells.
Your spell library contained the following spells:

 Spells                   Type           Power      Damage    Failure   Level
 Beastly Appendage        Tmut           0%         N/A       36%         1
 Magic Dart               Conj           0%         1d3       36%         1
 Searing Ray              Conj           0%         3d3       50%         2
 Wereblood                Tmut           0%         N/A       50%         2
 Dazzling Flash           Conj/Hex       0%         N/A       73%         3
 Spider Form              Tmut/Pois      0%         N/A       73%         3
 Fulminant Prism          Conj/Hex       0%         3d6       98%         4
 Ice Form                 Ice/Tmut       0%         N/A       98%         4
 Iskenderun's Mystic Bla  Conj/Tloc      0%         2d3       98%         4
 Hydra Form               Tmut           0%         N/A       100%        5


Dungeon Overview and Level Annotations

Branches:
Dungeon (4/15)
 Temple: D:4-7

Altars:
Fedhas
Hepliaklqana
Okawaru

Annotations:
D:3 Grinder, Sigmund
D:4 Dowan, Duvessa


Innate Abilities, Weirdness & Mutations

You are mostly covered in rugged brown scales. (AC +2, +5% HP)


Message History

Duvessa hits you with a +0 short sword. Duvessa closely misses you.
There is a stone staircase leading up here.
Duvessa barely misses you.
You riposte.
You hit Duvessa but do no damage.
Duvessa is moderately wounded.
You climb upwards.
Level annotation: Grinder, Sigmund
There is a stone staircase leading down here.
Grinder is nearby!
You climb downwards.
Level annotation: Dowan, Duvessa Duvessa hits you with a +0 short sword.
There is a stone staircase leading up here.
Okay, then.
It was a potion of might.
You feel very mighty all of a sudden. Duvessa barely misses you.
Dowan points at you and mumbles some strange words.
The puff of frost hits you.
It was a potion of curing.
You feel better. Duvessa hits you but does no damage.
You hit Duvessa.
Duvessa is moderately wounded.
Duvessa hits you with a +0 short sword. Dowan hits you with a +0 dagger.
You slash Duvessa!
Duvessa is heavily wounded.
Duvessa hits you with a +0 short sword!
* * * LOW HITPOINT WARNING * * *
Dowan hits you with a +0 dagger.
* * * LOW HITPOINT WARNING * * *
You closely miss Duvessa.
Duvessa is heavily wounded.
Duvessa hits you with a +0 short sword.
* * * LOW HITPOINT WARNING * * *
Dowan hits you with a +0 dagger.
* * * LOW HITPOINT WARNING * * *
You hit Duvessa but do no damage.
Duvessa is heavily wounded.
Duvessa hits you with a +0 short sword.
You die...

#.# #.# #.
#####.############.# #.
#............(..##.## #.
#.###.#.#######.#...##
#. #.# #.#.#
#......######. #.#
#.#.#######.............
#.#
#...........^..#########
#.# ###.#######.##.#
#.#####...e@e...##.#
#.......##########e#
######### #######.#####
#...e.......#
#.#####.#...# #.#
##.#...### #e#
##......... #.#
#..........# #.#
#...........


You could see Duvessa and Dowan.

Vanquished Creatures
  A black bear (D:2)
  An orc priest (D:3)
  Ijyb (D:3)
  An orc wizard (D:3)
  2 adders
  3 worms
  A dart slug (D:2)
  5 orcs (D:3)
  5 ball pythons
  5 endoplasms
  2 giant cockroaches (D:1)
  7 goblins
  8 hobgoblins
  4 jackals (D:1)
  4 kobolds
  2 quokkas
  3 bats
  A frilled lizard (D:3)
  8 rats
64 creatures vanquished.

Notes
Turn   | Place    | Note
-------+----------+-------------------------------------------
     0 | Abyss:1  | kae the Demonspawn Abyssal Knight began the quest for the
                  | Orb.
     0 | Abyss:1  | Reached XP level 1. HP: 18/18 MP: 2/2
   130 | Abyss:1  | Noticed a death knight
   130 | Abyss:1  | Noticed a smoke demon
   131 | D:1      | Escaped the Abyss
   224 | D:1      | Reached skill level 2 in Long Blades
   238 | D:1      | Reached * piety under Lugonu
   246 | D:1      | Gained mutation: You are partially covered in rugged brown
                  | scales. (AC +1, +3% HP) [demonic ancestry]
   246 | D:1      | Reached XP level 2. HP: 13/24 MP: 3/3
   765 | D:1      | Reached skill level 3 in Long Blades
   933 | D:1      | Reached XP level 3. HP: 12/29 MP: 4/4
  1327 | D:2      | Noticed a black bear
  1343 | D:2      | HP: 2/43 [black bear (2)]
  1344 | D:2      | Killed a black bear
  1345 | D:2      | Reached skill level 4 in Long Blades
  1345 | D:2      | Gained mutation: You are mostly covered in rugged brown
                  | scales. (AC +2, +5% HP) [demonic ancestry]
  1345 | D:2      | Reached XP level 4. HP: 2/36 MP: 5/5
  2117 | D:2      | Reached XP level 5. HP: 28/43 MP: 6/6
  2540 | D:3      | Reached ** piety under Lugonu
  2689 | D:3      | Noticed Sigmund
  3024 | D:4      | Found an iron altar of Okawaru.
  3270 | D:3      | Noticed Grinder
  3271 | D:3      | Paralysed by Grinder for 5 turns
  3284 | D:3      | Reached skill level 5 in Long Blades
  3518 | D:3      | Noticed Ijyb
  4186 | D:3      | Killed Ijyb
  4225 | D:3      | Found a blossoming altar of Fedhas.
  4225 | D:3      | Found a hazy altar of Hepliaklqana.
  4739 | D:4      | Noticed Duvessa
  4744 | D:4      | Noticed Dowan
  4789 | D:4      | HP: 2/43 [Dowan/+0 dagger (5)]
  4790 | D:4      | Slain by Duvessa

Illustrated notes

Levels and vault maps discovered:
D:1:      tarquinn_simple_flora_water_e, layout_basic
D:2:      layout_loops_ring, minmay_crystal_room
D:3:      layout_basic, gammafunk_temple_overflow_elements, uniq_sigmund,
          uniq_grinder, uniq_ijyb
D:4:      layout_loops_corners, old_standard_altar, nicolae_ashenzari_skybound,
          zin_purify, lemuel_temple_firewalk_b, lemuel_old_faithful,
          uniq_duvessa

Skill      XL: |  1  2  3  4  5 |
---------------+----------------+-----
Long Blades    | 2 3 4 5 |  5.8
Fighting       | |  3.0
Armour         | |  1.7
Dodging        | |  0.8
Invocations    | |  2.4

Action                   |  1- 3 |  4- 6 || total
-------------------------+-------+-------++-------
Melee: Falchion          |    77 |   194 ||   271
Invok: Depart the Abyss  |     1 |       ||     1
       Bend Space        |       |     1 ||     1
  Use: Potion            |     2 |     4 ||     6
       Scroll            |     2 |     4 ||     6
 Stab: Sleeping          |     1 |       ||     1
Armor: Leather armour    |    19 |    60 ||    79
       Skin              |    36 |    28 ||    64
Dodge: Dodged            |    44 |    84 ||   128
       Rpst.: Falchion   |     9 |    27 ||    36

Table legend: (Time is in decaauts)
 A = Elapsed time spent in this place.
 B = Non-inter-level travel time spent in this place.
 C = Inter-level travel time spent in this place.
 D = Time resting spent in this place.
 E = Time spent auto-exploring this place.
 F = Levels seen in this place.
 G = Mean time per level.
                   A        B        C        D        E       F      G
               +--------+--------+--------+--------+--------+-----+--------+
         Total |   4817 |   4618 |    199 |    530 |   3426 |   5 |  963.4 |
       Dungeon |   4686 |   4487 |    199 |    530 |   3301 |   4 | 1171.5 |
         Abyss |    131 |    131 |      0 |      0 |    125 |   1 |  131.0 |
               +--------+--------+--------+--------+--------+-----+--------+

Top non-repeatable levels by time:
     D:2: 1632 daAuts
     D:3: 1363 daAuts
     D:1: 1110 daAuts
     D:4: 579 daAuts
 Abyss:1: 131 daAuts
